[Event "Early-Titled-Tuesday-Blitz-December-26-2023"]
[Site "Chess.com"]
[Date "2023.12.26"]
[Round "9"]
[White "rquery98"]
[Black "sergoy"]
[Result "1-0"]
[WhiteElo "2787"]
[BlackElo "2937"]
[TimeControl "180+1"]
[EndTime "9:46:41 PST"]
[Termination "rquery98 won by checkmate"]

1. Nf3 d5 2. g3 g6 3. Bg2 Bg7 4. d4 c6 5. b3 a5 6. c4 a4 7. Bb2 Nf6 8. O-O O-O 9. e3 Ne4 10. Qe2 b5 11. Nfd2 Nxd2 12. Nxd2 Ba6 13. Rfc1 e6 14. Ba3 Re8 15. Qd1 Bb7 16. cxb5 cxb5 17. Bf1 Bc6 18. Bb4 Bd7 19. a3 Nc6 20. Bxb5 Nxb4 21. Bxd7 Qxd7 22. axb4 a3 23. Nb1 Rab8 24. Rxa3 Rxb4 25. Ra4 Rbb8 26. Nd2 Rec8 27. Raa1 h5 28. Rxc8+ Rxc8 29. Rc1 Rb8 30. Rc3 Bf6 31. h4 Kg7 32. Kg2 Be7 33. Qc2 Bd6 34. Nf3 Qb5 35. Ne5 Bxe5 36.
dxe5 Qb4 37. Qd3 Qa3 38. Qd4 Rxb3 39. Rxb3 Qxb3 40. Qf4 Qb7 41. Qf6+ Kg8 42. Qd8+ Kh7 43. Qf6 d4+ 44. Qf3 Qxf3+ 45. Kxf3 d3 46. e4 g5 47. Ke3 Kg6 48. Kxd3 f5 49. exf6 Kxf6 50. Kd4 g4 51.
Kd3 Kf7 52. Ke3 Kf6 53. f3 gxf3 54. Kxf3 Ke5 55. Ke3 Kf6 56. Kf4 e5+ 57. Kf3 Kg7 58. g4 Kg6 59. g5 Kf7 60. Ke3 Ke6 61. Kd3 Kd6 62. Kc4 Kc6 63. g6 Kd6 64. g7 Ke7 65.
g8=Q Kf6 66. Qf8+ Kg6 67. Qf5+ Kg7 68. Qg5+ Kf7 69. Qxh5+ Ke7 70. Qg5+ Kd7 71. h5 Kc6 72. h6 Kb6 73. Qg6+ Ka5 74. Qf6 Ka4 75. Qa6# 1-0

[Event "Early-Titled-Tuesday-Blitz-December-26-2023"]
[Site "Chess.com"]
[Date "2023.12.26"]
[Round "9"]
[White "TitarovVasiliYouTube"]
[Black "Fischerev7"]
[Result "0-1"]
[WhiteElo "2538"]
[BlackElo "2418"]
[TimeControl "180+1"]
[EndTime "9:46:41 PST"]
[Termination "Fischerev7 won on time"]

1. e4 c5 2. Nf3 d6 3. d4 cxd4 4. Nxd4 Nf6 5. Nc3 a6 6. Be2 e6 7. O-O Be7 8. f4 O-O 9. Be3 Qc7 10. Qe1 Nc6 11. Qg3 Bd7 12. Nb3 b5 13. a3 b4 14.
axb4 Nxb4 15. Rac1 a5 16. e5 Nfd5 17. Bd4 Nxc3 18.
bxc3 Nc6 19. exd6 Nxd4 20. Nxd4 Bxd6 21. Bd3 g6 22. Qh4 Qxc3 23. Nf3 a4 24. Ng5 Qg7 25. Ne4 Bc7 26. Nf6+ Kh8 27. Nxd7 Rfd8 28. Ne5 a3 29. Ra1 Bb6+ 30. Kh1 a2 31. Bc4 Rd4 32. Rxa2 Rxa2 33.
Bxa2 Qxe5 34. fxe5 Rxh4 35. Rxf7 Ra4 36. Bb1 Ra1 37. Rf1 Bd4 38. g3 Bxe5 39. Kg2 Bc3 40. Rd1 e5 41. Kf3 Kg7 42. Ke4 h5 43. Kd3 Bd4 44. c3 Bb6 45. Kc2 e4 46. Rd7+ Kh6 47.
Rd6 Bg1 48. h4 e3 49. Kb2 Rxb1+ 50. Kxb1 Bf2 51. Re6 Bxg3 52. Rxe3 Bxh4 53. Kc2 Bf2 54. Rf3 Bg1 55. Rg3 Bf2 56. Rg2 Bc5 57. Kd3 h4 58.
Ke4 Kh5 59. Kf3 g5 0-1

[Event "Early-Titled-Tuesday-Blitz-December-26-2023"]
[Site "Chess.com"]
[Date "2023.12.26"]
[Round "9"]
[White "SergioMoralesG"]
[Black "a-z30"]
[Result "1/2-1/2"]
[WhiteElo "2397"]
[BlackElo "2490"]
[TimeControl "180+1"]
[EndTime "9:46:41 PST"]
[Termination "Game drawn by repetition"]

1. d4 d6 2. Nf3 Nf6 3. c4 g6 4. Nc3 Bg7 5. e4 O-O 6. Be2 c5 7. O-O Bg4 8. Be3 Bxf3 9. Bxf3 cxd4 10. Bxd4 Nc6 11. Be3 Rc8 12. Be2 a6 13. Rc1 Qa5 14. f3 b5 15. cxb5 axb5 16. Bxb5 Ne5 17. Qe2 Qb4 18. a3 Qb3 19. Ba4 Qb7 20. Nb5 Nfd7 21. Rxc8 Rxc8 22. Rc1 Nc5 23. Bxc5 dxc5 24. Bb3 e6 25. a4 Rd8 26. Rd1 Rb8 27. Kh1 Nc6 28. Bc4 Nd4 29. Qd3 h5 30. b3 Rd8 31. Qf1 Qb8 32.
Nxd4 Bxd4 33. g3 Qb4 34. Kg2 Qc3 35. Qd3 Qb2+ 36. Qd2 Qa3 37. Qd3 Qb4 38. h4 Qb8 39. Qe2 Kg7 40. Kh3 Qc7 41. f4 Rb8 42. Qd3 Qb6 43.
Qf3 Qb4 44. e5 Qa3 45. Qe2 Rd8 46. Qf3 Qb4 47. Qe2 Qb6 48. Qf3 Qc7 49. Qg2 Qe7 50.
Qf3 Rb8 51. Qe2 Rb4 52. Qf3 Qc7 53. Qe4 Qb6 54. Qd3 Qb8 55. Qe4 Rxb3 56. Bxb3 Qxb3 57. Rxd4 cxd4 58. Qxd4 Qb1 59. Kg2 Qa2+ 60. Kf3 Kh7 61. Qb4 Qc2 62. a5 Qd1+ 63. Kg2 Qe2+ 64. Kg1 Qd1+ 65.
Kg2 Qe2+ 66. Kg1 Qd1+ 67. Kg2 1/2-1/2

[Event "Early-Titled-Tuesday-Blitz-December-26-2023"]
[Site "Chess.com"]
[Date "2023.12.26"]
[Round "9"]
[White "dennisodessa"]
[Black "PawnEatingZombie"]
[Result "1-0"]
[WhiteElo "2534"]
[BlackElo "2150"]
[TimeControl "180+1"]
[EndTime "9:46:43 PST"]
[Termination "dennisodessa won on time"]

1. d4 e6 2. c4 b6 3. e4 Bb4+ 4. Bd2 Bxd2+ 5. Nxd2 d5 6. Bd3 Ne7 7. Ngf3 Bb7 8. O-O Nd7 9. exd5 exd5 10. Ng5 Nf6 11.
Re1 O-O 12. Ndf3 h6 13. Nh3 dxc4 14. Bxc4 Ned5 15. Ne5 Qd6 16. Qf3 Rab8 17. Qg3 Rbe8 18. Rad1 Re7 19. Nf4 Nxf4 20. Qxf4 Rfe8 21. h3 Bd5 22.
Bxd5 Qxd5 23. b3 a5 24. Qd2 Rd8 25. Qc2 Qd6 26. Re2 Nd5 27. Red2 Qf6 28. Qe4 Nc3 29. Qf3 Nxd1 30. Qxd1 Rxe5 31. dxe5 Rxd2 32. Qxd2 Qxe5 33. Qd8+ Kh7 34. Qd2 g6 35. Qd7 Kg7 36. Qd2 h5 37. g3 Qa1+ 38. Kg2 Qe5 39. h4 c6 40. Kh2 Qd5 41.
Qc3+ f6 42. Qe3 Kf7 43. Qxb6 Qf3 44. Qa7+ Kg8 45. Kg1 Qd1+ 46. Kg2 Qd5+ 47. Kh2 Qf3 48. Qd4 Kf7 49. a4 g5 50. hxg5 fxg5 51. Qd7+ Kg8 52.
Qe8+ Kg7 53. Qe7+ Kg8 54. Qxg5+ Kf7 55. Qe3 Qd1 56. Qf4+ Ke7 57. Qe4+ Kd7 58. Qh7+ Kd6 59. Qh6+ Kc7 60. Qf4+ Kb6 61. Qe3+ Kb7 62. Qe7+ Kb6 63.
Qe3+ Kb7 64. Kg2 Qc2 65. Qf3 Kb6 66. Qxh5 1-0

[Event "Early-Titled-Tuesday-Blitz-December-26-2023"]
[Site "Chess.com"]
[Date "2023.12.26"]
[Round "9"]
[White "Onischuk_V"]
[Black "mbojan"]
[Result "1-0"]
[WhiteElo "2771"]
[BlackElo "2902"]
[TimeControl "180+1"]
[EndTime "9:46:46 PST"]
[Termination "Onischuk_V won by resignation"]

1. Nf3 g6 2. g3 d6 3. Bg2 Bg7 4.
O-O Bd7 5. e4 Qc8 6. d4 Bh3 7.
Nc3 h5 8. Bxh3 Qxh3 9. Ng5 Qd7 10. h4 Nc6 11. Be3 Nf6 12. f3 e6 13. Qd2 d5 14.
e5 Ng8 15. Ne2 Nh6 16. b3 O-O-O 17. Rad1 Nf5 18. Bf2 f6 19. exf6 Bxf6 20. Kg2 Kb8 21. Nf4 Bxg5 22. hxg5 Qf7 23. c3 b6 24. Nd3 Rdf8 25.
Qe2 Qe7 26. Qd2 Qd6 27. Rh1 h4 28. gxh4 e5 29. dxe5 Nxe5 30. Nxe5 Qxe5 31. Qxd5 Qe2 32. Qd2 Nxh4+ 33. Rxh4 Qxf3+ 34. Kh2 Rxh4+ 35. Bxh4 Rh8 36. Qd4 Rxh4+ 37. Qxh4 Qxd1 38. Qh8+ Kb7 39. Qe5 Qd2+ 40. Kg3 Qxa2 41. Qe4+ Ka6 42. Qd3+ Kb7 43. Qxg6 Qxb3 44. Qe4+ c6 45. g6 Qxc3+ 46. Kf4 a5 47. Qe7+ Ka6 48. g7 Qc4+ 49. Ke5 a4 50. Qf8 Qd5+ 51. Kf6 Qf3+ 52.
Ke7 Qe4+ 53. Kd7 Qg4+ 54. Kc7 Qg3+ 55. Kc8 Qh3+ 56. Kb8 Qd7 57. Qc8+ Qxc8+ 58. Kxc8 a3 59. g8=Q Ka5 60. Qb3 b5 61. Qxa3+ Kb6 62. Kb8 c5 63.
Qa7+ Kc6 64. Qb7+ Kd6 65. Qxb5 Kd5 66. Kc7 Kd4 67. Kd6 c4 68. Qb4 Kd3 69. Qb1+ Kd2 70. Qb2+ Kd1 71. Qc3 Ke2 72. Qxc4+ 1-0

[Event "Early-Titled-Tuesday-Blitz-December-26-2023"]
[Site "Chess.com"]
[Date "2023.12.26"]
[Round "9"]
[White "jacky72"]
[Black "HajiyevKanan"]
[Result "1-0"]
[WhiteElo "2816"]
[BlackElo "2617"]
[TimeControl "180+1"]
[EndTime "9:46:48 PST"]
[Termination "jacky72 won by checkmate"]

1. Nc3 d5 2. d4 c6 3. Bf4 a6 4. f3 Nf6 5. e4 b5 6. e5 Ng8 7. Be3 h5 8. Bd3 Nh6 9. Nge2 Bf5 10. O-O Bxd3 11. Qxd3 e6 12. Bxh6 Rxh6 13. f4 g6 14. Nd1 c5 15. c3 Nc6 16. Ne3 Be7 17. a4 c4 18. Qd2 b4 19. f5 Bg5 20. fxe6 fxe6 21. Nf4 Bxf4 22. Rxf4 Qg5 23. Nxd5 O-O-O 24. Nb6+ Kb8 25. Nxc4 Nxe5 26. Nxe5 Qxe5 27. Rf7 g5 28. Qd3 Qa5 29. Qg3+ Ka8 30. Raf1 bxc3 31. bxc3 h4 32. Qf3+ Qd5 33. Qd3 e5 34. R1f6 Rxf6 35. Rxf6 Rd6 36.
Rf8+ Ka7 37. Rf5 Qe6 38. Qe4 exd4 39. Qxe6 Rxe6 40. cxd4 Re4 41. Rxg5 Rxd4 42. a5 Ra4 43. Rg7+ Kb8 44. Rh7 Ra1+ 45. Kf2 Ra2+ 46. Kf3 Ra3+ 47. Kg4 h3 48. Rxh3 Rxa5 49. Rb3+ Kc7 50. h4 Rb5 51. Ra3 a5 52. h5 Kd6 53. h6 Ke7 54. Rf3 Rb4+ 55. Kh5 Rb5+ 56. Kg6 Rb2 57. g4 Rh2 58. g5 Kd6 59. h7 Kc5 60. Kg7 Kb4 61. g6 a4 62. Kg8 a3 63. Rxa3 Kxa3 64. g7 Rb2 65.
h8=Q Rb8+ 66. Kh7 Rb3 67. Qf8+ Kb2 68. Qf2+ Ka3 69. g8=Q Rb7+ 70. Kh8 Rb3 71. Qgf8+ Rb4 72. Q2c5 Ka2 73. Qxb4 Ka1 74. Qa8# 1-0

[Event "Early-Titled-Tuesday-Blitz-December-26-2023"]
[Site "Chess.com"]
[Date "2023.12.26"]
[Round "9"]
[White "wqws"]
[Black "TheFireChess"]
[Result "1-0"]
[WhiteElo "2719"]
[BlackElo "2508"]
[TimeControl "180+1"]
[EndTime "9:46:49 PST"]
[Termination "wqws won by resignation"]

1. e4 c6 2. d3 d5 3. Nd2 Nf6 4.
Ngf3 Bg4 5. Be2 e6 6. O-O Qc7 7. Re1 Nbd7 8. e5 Ng8 9. d4 c5 10. c3 Ne7 11. Nf1 Nc6 12. Ne3 Bxf3 13. Bxf3 cxd4 14.
cxd4 Qb6 15. Nc2 Be7 16. Rb1 O-O 17. b4 Rfc8 18. Be2 g6 19. Be3 Qd8 20. Qd2 a6 21. a4 a5 22. b5 Nb4 23. Rec1 Nb6 24. Ne1 Nxa4 25. Bh6 Nb6 26. h4 Bxh4 27. Nf3 Be7 28. Ng5 Rxc1+ 29. Rxc1 Rc8 30. Rxc8 Nxc8 31. Qf4 Qe8 32.
Bg4 Nb6 33. Qf3 Bxg5 34. Bxg5 Nd7 35. Qc3 b6 36. Bd1 Kg7 37. Qc7 h6 38. Bd2 g5 39. f4 gxf4 40. Bxf4 Qe7 41. Qc3 Nf8 42. Qh3 Ng6 43. Qxh6+ Kg8 44. Bg5 Qf8 45. Qh3 Qg7 46.
Bf6 Qh7 47. Qc3 Qh6 48. Bf3 Qf8 49. Bh5 a4 50. Bxg6 fxg6 51. Qh3 Kf7 52. Qh7+ Ke8 53. Qxg6+ Kd7 54. Qh7+ Kc8 55. Be7 Qf4 56. Qg8+ Kb7 57. Qxe6 Qxd4+ 58. Kh2 Qf4+ 59. Kh3 Qe3+ 60. g3 Qc3 61. Qd7+ Qc7 62. Qxc7+ Kxc7 63. Bxb4 d4 64. Kg4 d3 65. Kf3 d2 66. Ke2 a3 67. Kxd2 a2 68. Bc3 1-0

[Event "Early-Titled-Tuesday-Blitz-December-26-2023"]
[Site "Chess.com"]
[Date "2023.12.26"]
[Round "9"]
[White "snowlord"]
[Black "Alex_Sahakyan2006"]
[Result "1-0"]
[WhiteElo "2914"]
[BlackElo "2714"]
[TimeControl "180+1"]
[EndTime "9:46:51 PST"]
[Termination "snowlord won by checkmate"]

1. e4 c5 2. Nf3 d6 3. c3 Nf6 4. Be2 g6 5. O-O Bg7 6. Bb5+ Nc6 7. Re1 O-O 8. h3 a6 9. Bxc6 bxc6 10. d4 cxd4 11. cxd4 Rb8 12. Nc3 a5 13. Qc2 Nd7 14.
Bg5 h6 15. Be3 c5 16. Rad1 cxd4 17. Bxd4 Bxd4 18. Nxd4 Bb7 19. Nd5 Rc8 20. Qxc8 Bxc8 21. Nc6 Qe8 22. Nc7 Bb7 23. Nxe8 Bxc6 24. Nc7 Rb8 25. b3 a4 26. bxa4 Bxa4 27. Rb1 Rc8 28. Nd5 Kf8 29. Rb4 Bc6 30. Nb6 Nxb6 31. Rxb6 Ba4 32.
Ra6 Bb5 33. Ra5 Bd7 34. a4 Rc4 35. Ra8+ Kg7 36. a5 Ra4 37. Ra7 Bc6 38. f3 e6 39.
Rc1 Bb5 40. Rcc7 Kf6 41. f4 g5 42. Rxf7+ Kg6 43. f5+ exf5 44. exf5+ Kh5 45. Rf6 Kh4 46. Kh2 g4 47. Rxh6+ Kg5 48. Rg6+ Kxf5 49. Rxg4 Ra2 50. a6 Bxa6 51. Ra8 d5 52. Kg3 Ra3+ 53. Kh4 Ra2 54. g3 Ke5 55. Rf4 d4 56. Re8+ Kd5 57. Rd8+ Ke5 58.
Rdxd4 Bb7 59. Rd7 Bd5 60. Rxd5+ Kxd5 61. Kg5 Ke5 62. Rf5+ Ke6 63. g4 Rh2 64. h4 Ke7 65.
h5 Rh1 66. h6 Rh2 67. Kg6 Rh4 68. g5 Rh1 69. h7 Rg1 70. Kg7 Rh1 71. h8=Q Rxh8 72.
Kxh8 Ke6 73. Rf1 Ke7 74. g6 Ke8 75. g7 Kd8 76. g8=Q+ Kc7 77. Qg6 Kb7 78. Rf7+ Ka8 79. Qg8# 1-0

[Event "Early-Titled-Tuesday-Blitz-December-26-2023"]
[Site "Chess.com"]
[Date "2023.12.26"]
[Round "9"]
[White "MetiForce"]
[Black "Msb2"]
[Result "1-0"]
[WhiteElo "2889"]
[BlackElo "2996"]
[TimeControl "180+1"]
[EndTime "9:46:58 PST"]
[Termination "MetiForce won by checkmate"]

1. d4 d5 2. c4 e6 3. Nc3 Bb4 4. Nf3 Nf6 5. Qa4+ Nc6 6. Bg5 dxc4 7. e3 Bd7 8. Bxc4 Nxd4 9. Qd1 Nxf3+ 10. gxf3 Bc6 11.
Qe2 Qe7 12. Rc1 O-O-O 13. a3 Bxc3+ 14. Rxc3 h6 15. Bh4 g5 16. Bg3 Nh5 17. Be5 f6 18. Bd4 Rxd4 19. exd4 Nf4 20. Qd2 Kb8 21. h4 Ng2+ 22.
Kd1 Nxh4 23. Qe2 Rd8 24. Kc1 Rxd4 25. Qxe6 Qxe6 26. Bxe6 a5 27. Bb3 Rf4 28. Bd1 h5 29. Rh3 a4 30. Kd2 Be8 31. Re3 Bd7 32. Rh1 Bc6 33.
Rh3 Nf5 34. Rxh5 Nxe3 35. Rh8+ Ka7 36. fxe3 Rh4 37. Rf8 Rh6 38. Rf7 Kb6 39. e4 Bb5 40.
Ke3 c6 41. Kd2 Bc4 42. Rf8 Kb5 43. Kc3 Ba2 44. Ra8 Bb3 45. Bxb3 axb3 46. Rf8 Rh3 47.
Rxf6 g4 48. Rf5+ Kb6 49. Kb4 Rxf3 50. Rg5 g3 51. e5 Re3 52. e6 Kc7 53. Kc5 Rd3 54.
Rg7+ Kd8 55. Kb6 Ke8 56. Kxb7 c5 57. a4 c4 58. a5 c3 59. a6 Rd5 60. Rxg3 c2 61. Rc3 Ra5 62. a7 Ke7 63. a8=Q Rxa8 64.
Kxa8 Kxe6 65. Kb7 Kd5 66. Kb6 Kd4 67. Kb5 Kd5 68. Kb4 Ke4 69. Kxb3 Ke5 70. Rxc2 Kf4 71.
Rc4+ Kg5 72. Kc3 Kg6 73. b4 Kh5 74. b5 Kh6 75. b6 Kg5 76. b7 Kg6 77. b8=Q Kf5 78.
Qf4+ Ke6 79. Rc6+ Kd7 80. Qd6+ Ke8 81. Rc8+ Kf7 82. Rf8+ Kg7 83. Qf6+ Kh7 84. Rh8# 1-0

[Event "Early-Titled-Tuesday-Blitz-December-26-2023"]
[Site "Chess.com"]
[Date "2023.12.26"]
[Round "9"]
[White "Manukyan_Artak"]
[Black "Shahdad2007"]
[Result "0-1"]
[WhiteElo "2596"]
[BlackElo "2380"]
[TimeControl "180+1"]
[EndTime "9:46:58 PST"]
[Termination "Shahdad2007 won by resignation"]

1. e4 c5 2. Nf3 d6 3. Bb5+ Nd7 4. O-O a6 5. Bd3 e6 6. a4 Ngf6 7. Re1 Be7 8. c3 O-O 9. Bc2 b6 10. d4 Bb7 11. e5 dxe5 12. dxe5 Nd5 13. Qd3 g6 14.
Qe4 Nb4 15. Qe2 Nxc2 16. Qxc2 Bxf3 17. gxf3 Qc7 18. f4 Rfd8 19. Nd2 Qc6 20. Qe4 Qc7 21. Nf3 Nf8 22. h4 h5 23. Be3 Ra7 24. Rad1 Qc8 25. Kg2 Rad7 26. Rxd7 Qxd7 27. b3 Qd5 28. Qxd5 Rxd5 29.
c4 Rd3 30. Rb1 Nd7 31. Kf1 Nb8 32. Ke2 Rd7 33. Bd2 Rb7 34. Kd3 Nc6 35. Bc3 Rd7+ 36.
Kc2 Kf8 37. Rd1 Rxd1 38. Kxd1 Ke8 39. Ke2 Kd7 40. Kd3 Bd8 41. Ke4 Ke8 42. Ke3 Ne7 43. b4 cxb4 44. Bxb4 Nf5+ 45. Kd3 Nxh4 46. Nd2 Nf5 47.
Ne4 Kd7 48. c5 h4 49. cxb6 Bxb6 50. Ng5 Bxf2 51. Ke4 Ke8 52. Kf3 Bd4 53. Kg4 Bf2 54.
Ne4 Bd4 55. Nf6+ Kd8 56. Nh7 Be3 57. Ng5 Ke8 58. Ne4 h3 59. Nf6+ Kd8 60. Kxh3 Bxf4 61.
Ng4 Ne3 62. Bd6 Nxg4 63. Kxg4 Bd2 64. Kf3 Ke8 65. Ke4 g5 66. Kf3 Bc3 67. Kg4 f6 68. exf6 Bxf6 69. Bc5 Kd7 70. Be3 Kc6 71. Bxg5 Bxg5 72.
Kxg5 Kd5 0-1

[Event "Early-Titled-Tuesday-Blitz-December-26-2023"]
[Site "Chess.com"]
[Date "2023.12.26"]
[Round "9"]
[White "slidingknight2775"]
[Black "SARGISMV"]
[Result "1-0"]
[WhiteElo "2692"]
[BlackElo "2544"]
[TimeControl "180+1"]
[EndTime "9:47:03 PST"]
[Termination "slidingknight2775 won by checkmate"]

1. Nf3 Nf6 2. g3 b5 3. d3 Bb7 4. e4 e6 5. Bg2 d5 6. e5 Nfd7 7. O-O c5 8. Re1 Nc6 9. h4 Qc7 10. Bf4 a5 11. Nc3 b4 12. Nxd5 exd5 13. e6 Bd6 14.
exd7+ Kxd7 15. Bh3+ Kd8 16. Bxd6 Qxd6 17. d4 Kc7 18.
dxc5 Qxc5 19. Qd2 f6 20. c3 bxc3 21. bxc3 Rhe8 22. Nd4 Ne5 23. Bg2 Ra6 24. Rab1 Rb6 25. Rxb6 Kxb6 26. Rb1+ Kc7 27. Qb2 Ba6 28. Qc1 Nd3 29.
Qd2 Rb8 30. Ne6+ Kd6 31. Nxc5 Rxb1+ 32. Kh2 Kxc5 33. Qe3+ Kd6 34. a3 Bc4 35. h5 Ne5 36. Bh3 Bf1 37. g4 Bxh3 38. Kxh3 Rd1 39. Kg2 Rd3 40.
Qb6+ Nc6 41. f3 Rxc3 42. a4 Rc4 43. h6 gxh6 44. Qb5 Rb4 45. Qd3 Rxa4 46. Qxh7 Rc4 47. Qxh6 Kc5 48. Qxf6 a4 49. g5 a3 50. Qa1 Ra4 51.
g6 a2 52. g7 Ra8 53. Kh3 d4 54. Qxa2 Rxa2 55. g8=Q Ra4 56. Qg5+ Kb4 57. Qd2+ Kc5 58. Qc2+ Rc4 59. Qd2 Nb4 60. f4 Nd5 61. f5 Rc3+ 62.
Kg4 Ne3+ 63. Kg5 Nc4 64. Qf4 Rc2 65. f6 Rg2+ 66. Kh4 Ne3 67. f7 Rg4+ 68. Qxg4 Nxg4 69. f8=Q+ Kc4 70. Kxg4 d3 71. Qf1 Kc3 72. Qd1 d2 73. Kg3 Kd3 74. Kg2 Ke3 75. Kg1 Kd3 76. Kf1 Ke3 77.
Kg2 Kd3 78. Kf2 Kc3 79. Ke2 Kb2 80. Qxd2+ Ka1 81. Kd3 Kb1 82. Kc3 Ka1 83. Qb2# 1-0

[Event "Early-Titled-Tuesday-Blitz-December-26-2023"]
[Site "Chess.com"]
[Date "2023.12.26"]
[Round "9"]
[White "anasta10"]
[Black "SahibSinghKnight"]
[Result "1-0"]
[WhiteElo "2607"]
[BlackElo "2676"]
[TimeControl "180+1"]
[EndTime "9:47:04 PST"]
[Termination "anasta10 won by resignation"]

1. Nf3 d5 2. d4 e6 3. c4 Nf6 4. Nc3 Be7 5. cxd5 exd5 6. Bg5 O-O 7. e3 Nbd7 8. Bd3 h6 9. Bh4 c6 10. Qc2 Re8 11. O-O-O a5 12. h3 b5 13. Kb1 a4 14. g4 Qa5 15. Ne2 c5 16. dxc5 Nxc5 17. Bxf6 gxf6 18. Nfd4 Bd7 19. Bf5 b4 20. Bxd7 Nxd7 21.
Qd2 Bf8 22. g5 fxg5 23. h4 g4 24. Rdg1 h5 25. f3 Ne5 26. fxg4 Nc4 27. gxh5+ Kh8 28.
Qe1 Qc7 29. Qf2 Ra6 30. Nf4 Rxe3 31. Nxd5 Qe5 32. Nxe3 Qxd4 33. Ng4 Qd3+ 34. Qc2 Nd2+ 35. Kc1 Qxc2+ 36. Kxc2 Nf3 37. Rf1 Nd4+ 38. Kb1 b3 39. Ne5 bxa2+ 40. Kxa2 a3 41. b3 Re6 42. Nxf7+ Kg8 43.
Rhg1+ Bg7 44. Rg2 Re2+ 45. Rxe2 Nxe2 46. h6 Bf8 47. h7+ Kxh7 48. Ng5+ Kg8 49. Ne6 Nc3+ 50.
Ka1 Be7 51. h5 Nd5 52. Nd4 Ne3 53. Rg1+ Kh7 54. Ka2 Bf6 55. Nf3 Nd5 56. Kxa3 Nc3 57. Rf1 Ne2 58. Nd2 Be7+ 59. Ka4 Nc3+ 60. Ka5 Bd8+ 61.
Ka6 Nd5 62. Nc4 Nb4+ 63. Kb7 Bg5 64. Rd1 Kh6 65. Rd7 Kxh5 66. Ne5 Bf4 67. Nd3 Nxd3 68.
Rxd3 Kg5 69. b4 Kf5 70. b5 Ke4 71. Rd7 Kf5 72. Kc6 Ke6 73. b6 Bd6 74. Rxd6+ 1-0

[Event "Early-Titled-Tuesday-Blitz-December-26-2023"]
[Site "Chess.com"]
[Date "2023.12.26"]
[Round "9"]
[White "OneTrickPony_82"]
[Black "djokovic74"]
[Result "0-1"]
[WhiteElo "2478"]
[BlackElo "2659"]
[TimeControl "180+1"]
[EndTime "9:47:06 PST"]
[Termination "djokovic74 won by checkmate"]

1. d4 e6 2. Nf3 Nf6 3. c4 Bb4+ 4. Bd2 Qe7 5. g3 Nc6 6. Bg2 Bxd2+ 7. Qxd2 Ne4 8. Qc2 Qb4+ 9. Kf1 d5 10. e3 Qxc4+ 11. Qxc4 dxc4 12. Nfd2 Nxd2+ 13. Nxd2 Bd7 14. Nxc4 Ke7 15.
Ke2 Rhd8 16. Rhc1 a5 17. Rc3 Be8 18. Bxc6 Bxc6 19. Ne5 Bb5+ 20. Kd2 c6 21. a4 Ba6 22. Rc5 Rd5 23. Rac1 f6 24. Rxd5 exd5 25. Nd3 Bxd3 26.
Kxd3 Kd6 27. Rc5 b6 28. Rc2 Rb8 29. h4 c5 30. f3 c4+ 31. Kc3 b5 32. Re2 bxa4 33.
e4 Rb3+ 34. Kc2 Rxf3 35. exd5 Rxg3 36. Re6+ Kxd5 37. Ra6 Kxd4 38. Rxa5 Rg4 39. Rxa4 Rxh4 40. b3 Kc5 41. Ra7 cxb3+ 42. Kxb3 Rg4 43. Kc3 Kd5 44.
Kd3 Ke5 45. Ke3 Kf5 46. Kf3 Rg5 47. Rb7 h5 48. Rc7 Rg4 49. Rd7 g5 50. Rh7 h4 51. Rb7 Rf4+ 52. Kg2 Kg4 53. Rb6 f5 54. Rb5 Ra4 55. Rb2 f4 56. Kh2 h3 57. Rf2 Ra3 58.
Re2 Rg3 59. Kh1 Ra3 60. Re5 Kh4 61. Re1 g4 62. Rf1 f3 63. Rc1 Ra2 64. Re1 Re2 65.
Rb1 Kg5 66. Rb4 Re1+ 67. Kh2 Re2+ 68. Kg1 Kh4 69. Kf1 Kg3 70. Rb1 Rg2 71. Rb4 h2 72. Rxg4+ Kxg4 73. Ke1 h1=R# 0-1

[Event "Early-Titled-Tuesday-Blitz-December-26-2023"]
[Site "Chess.com"]
[Date "2023.12.26"]
[Round "9"]
[White "DvaHrasta"]
[Black "mightysmasher"]
[Result "1-0"]
[WhiteElo "2488"]
[BlackElo "2584"]
[TimeControl "180+1"]
[EndTime "9:47:19 PST"]
[Termination "DvaHrasta won on time"]

1. c4 e6 2. d4 d5 3. Nf3 Be7 4. Nc3 Nf6 5. Bg5 O-O 6. e3 b6 7. Qc2 Bb7 8. Bxf6 Bxf6 9. cxd5 exd5 10. Bd3 h6 11. Rc1 Nd7 12. O-O c5 13. dxc5 bxc5 14.
b3 Rc8 15. Rfd1 Nb6 16. Bh7+ Kh8 17. Bf5 Rc6 18. a4 d4 19. a5 Nd7 20. Na4 Ne5 21.
Be4 Nxf3+ 22. Bxf3 Rc7 23. Bxb7 Rxb7 24. Nxc5 Rc7 25.
exd4 Bxd4 26. b4 Qf6 27. Rd3 Rfc8 28. Rf3 Qe7 29. Qd2 Bxc5 30. bxc5 Rxc5 31. Re1 Re5 32.
Rfe3 Rxe3 33. Rxe3 Qc7 34. g3 Rd8 35. Qe2 Qxa5 36. Re7 Rf8 37. Qe3 Qa1+ 38. Kg2 a5 39.
Ra7 a4 40. Qc5 Rg8 41. Rxf7 a3 42. Ra7 a2 43. Qc4 Qd1 44. Rxa2 Re8 45. Rc2 Qe1 46.
Qc6 Rg8 47. Qf3 Qa5 48. Re2 Qb6 49. h4 Qd6 50. h5 Rf8 51. Qe4 Qf6 52. f4 Qd6 53.
Qe7 Qc6+ 54. Kh2 Rg8 55. Qe5 Qf3 56. Qe4 Qxh5+ 57. Kg2 Qc5 58. Qe5 Qc6+ 59. Qe4 Qb6 60. Qe3 Qb7+ 61. Qf3 Qa7 62. Qf2 Qb8 63. Qe3 Rd8 64.
Qe7 Qa8+ 65. Qe4 Qb8 66. f5 Rg8 67. g4 Qf8 68. g5 Qd6 69. g6 Qf6 70. Kf3 Rf8 71.
Kg4 Qg5+ 72. Kh3 Qh5+ 73. Kg3 Qg5+ 74. Qg4 1-0

[Event "Early-Titled-Tuesday-Blitz-December-26-2023"]
[Site "Chess.com"]
[Date "2023.12.26"]
[Round "9"]
[White "giomar27"]
[Black "mariofs"]
[Result "1-0"]
[WhiteElo "2397"]
[BlackElo "2219"]
[TimeControl "180+1"]
[EndTime "9:47:22 PST"]
[Termination "giomar27 won by resignation"]

1. d4 d5 2. Bg5 h6 3. Bh4 c6 4. e3 Qb6 5. Qc1 Bf5 6. Nf3 Nd7 7.
Bd3 e6 8. O-O Be7 9. Bxe7 Nxe7 10. Nbd2 O-O 11. e4 dxe4 12. Nxe4 Rad8 13. c3 Nd5 14.
Re1 Bh7 15. Bc2 N7f6 16. Nfd2 Nxe4 17. Nxe4 Rfe8 18. Nc5 Bxc2 19. Qxc2 Nf6 20. b4 Rd5 21. a4 Red8 22. a5 Qc7 23. Ne4 Nxe4 24. Qxe4 b6 25. axb6 axb6 26. g3 c5 27. dxc5 bxc5 28. b5 c4 29. Ra4 Rxb5 30. Rxc4 Rc5 31. Rxc5 Qxc5 32. Rc1 Rd5 33. Qe3 Qc4 34. Kg2 Rd3 35. Qe5 f6 36. Qb8+ Kh7 37. Qb1 e5 38. Qb4 Qxb4 39. cxb4 Rb3 40. Rc4 Kg6 41. h4 Kf5 42. Rc7 g6 43. Rb7 h5 44. b5 Ke6 45. b6 e4 46.
Rg7 Rxb6 47. Rxg6 Rb5 48. Rg8 Kf5 49. Kf1 Rb1+ 50. Ke2 Rb2+ 51. Kf1 Rb1+ 52. Kg2 Rb2 53. Re8 Ra2 54. Kg1 Ra1+ 55. Kh2 Ra2 56. Kg2 Rb2 57. Rh8 Kg4 58. Rg8+ Kf5 59. Rc8 e3 60. Rc5+ Kg6 61.
Kf3 exf2 62. Kg2 Ra2 63. Rc4 Rb2 64. Rf4 Ra2 65. Rf3 Ra1 66. Rxf2 Ra4 67. Rf3 Rb4 68. Rc3 Rb2+ 69. Kf3 Rb4 70. Rc5 Ra4 71. Rb5 Ra3+ 72. Kg2 Ra2+ 73. Kh3 Ra4 74. Rb8 Ra3 75. Rg8+ Kf5 76. Rg7 Rb3 77. Rh7 Kg6 78. Rh8 Ra3 79.
Rc8 Rb3 80. Kg2 Ra3 81. Kf2 Ra2+ 82. Ke3 Ra3+ 83. Ke4 Rxg3 84. Rg8+ 1-0

[Event "Early-Titled-Tuesday-Blitz-December-26-2023"]
[Site "Chess.com"]
[Date "2023.12.26"]
[Round "9"]
[White "artin10862"]
[Black "ahkashefi2800"]
[Result "1/2-1/2"]
[WhiteElo "2902"]
[BlackElo "2599"]
[TimeControl "180+1"]
[EndTime "9:47:23 PST"]
[Termination "Game drawn by repetition"]

1. e4 e5 2. Nf3 Nc6 3. Bb5 Nf6 4. O-O Nxe4 5. Re1 Nd6 6. Nxe5 Be7 7. Bd3 Nxe5 8.
Rxe5 O-O 9. Nc3 Bf6 10. Re3 Re8 11.
Nd5 Rxe3 12. Nxf6+ Qxf6 13. dxe3 b6 14. Qe2 Bb7 15. f3 Re8 16. a4 a5 17. e4 Nf5 18.
Qf2 Ne7 19. c4 Ng6 20. Bd2 d6 21. Bc3 Qg5 22. Kh1 Bc6 23. b3 Nf4 24. Bf1 f5 25. exf5 Qxf5 26. Re1 Rxe1 27. Qxe1 Kf7 28. Qe3 Ne6 29.
Bd3 Qf4 30. Qxf4+ Nxf4 31. Bf1 Ne6 32. Bd3 Nc5 33. Bc2 g6 34. Bd4 Ne6 35. Be3 Bd7 36. Kg1 Nd8 37. Kf2 Bf5 38. Bd1 Ne6 39. Ke1 Bd3 40.
Kd2 Bf1 41. g3 Nc5 42. Bc2 Bg2 43. Ke2 Bh3 44. Bd4 Bf5 45. Bxf5 gxf5 46. Bxc5 bxc5 47. Ke3 Kf6 48. Kf4 c6 49. g4 fxg4 50. fxg4 d5 51. h4 d4 52. Ke4 h6 53. Kf4 Ke6 54.
Ke4 Kf6 55. Kf4 Kg6 56. Ke4 Kf7 57.
Kf4 Kf8 58. Ke4 Ke7 59. Kf4 Kf6 60. Ke4 Kg6 61. Kf4 Kf7 62. Ke4 h5 63. g5 Ke6 64.
Kf4 Kf7 65. Ke4 Kg6 66. Kf4 Kg7 67. Ke4 Kg8 68. Kf3 Kf7 69. Kf4 Ke6 70. Ke4 Ke7 71. Kf4 Ke8 72. Kf3 Kf8 73. Ke2 Kg8 74. Kd3 Kf7 75.
Ke4 1/2-1/2